 Dungeon Crawl Stone Soup version 0.27-a0-650-g8dd3ea4f36 (webtiles) character file.

Game seed: 16885129203968155056

77 lunkers the Skirmisher (level 4, 0/48 HPs)
             Began as an Ogre Warper on Mar 15, 2021.
             Succumbed to an adder's poison
             ... on level 3 of the Dungeon.
             The game lasted 00:04:36 (2731 turns).

lunkers the Skirmisher (Ogre Warper)                Turns: 2731, Time: 00:04:37

Health: 0/48       AC:  3    Str: 16    XL:     4   Next: 34%
Magic:  7/7        EV:  9    Int: 14    God:
Gold:   25         SH:  0    Dex:  8    Spells: 7/7 levels left

rFire    . . .     SeeInvis .   a - +0 mace
rCold    . . .     Faith    .   (no shield)
rNeg     . . .     Spirit   .   b - +0 robe
rPois    .         Reflect  .   (helmet restricted)
rElec    .         Harm     .   (no cloak)
rCorr    +         Rampage  .   (gloves unavailable)
Will     .....                  (boots unavailable)
Stlth    +.........             k - amulet of the acrobat
HPRegen  0.16/turn              n - ring of resist corrosion
MPRegen  0.10/turn              (no ring)

@: lethally poisoned (0 -> -3)
A: large, unfitting armour, tough skin 1
a: no special abilities


You were on level 3 of the Dungeon.
You visited 1 branch of the dungeon, and saw 3 of its levels.

You collected 25 gold pieces.

Inventory:

Hand Weapons
 a - a +0 mace (weapon)
Missiles
 e - 3 boomerangs of dispersal
 f - 32 stones (quivered)
 j - 8 boomerangs
 m - 16 poisoned darts
Armour
 b - a +0 robe (worn)
Jewellery
 k - an amulet of the acrobat (around neck)
 n - a ring of resist corrosion (right hand)
 p - an amulet of guardian spirit
Scrolls
 d - a scroll of blinking
 h - 4 scrolls of identify {unknown}
 l - a scroll of fear {unknown}
 o - a scroll of amnesia {unknown}
 r - a scroll of teleportation {unknown}
Potions
 c - a potion of magic
 g - a potion of heal wounds {unknown}
 i - a potion of might {unknown}
 q - a potion of haste {unknown}


   Skills:
 + Level 4.0 Fighting
 * Level 3.4 Maces & Flails
 - Level 1.0 Throwing
 - Level 2.1 Dodging
 - Level 2.4 Spellcasting
 - Level 2.6 Translocations


You had 7 spell levels left.
You didn't know any spells.
Your spell library contained the following spells:

 Spells                   Type           Power      Damage    Failure   Level
 Blink                    Tloc           N/A        N/A       12%         2
 Gell's Gravitas          Tloc           4%         N/A       22%         3
 Lesser Beckoning         Tloc           4%         N/A       22%         3
 Teleport Other           Tloc           9%         N/A       22%         3
 Manifold Assault         Tloc           9%         N/A       58%         4


Dungeon Overview and Level Annotations

Branches:
Dungeon (3/15)

Altars:


Innate Abilities, Weirdness & Mutations

You are too large for most types of armour.
You have tough skin. (AC +1)


Message History

* * * LOW HITPOINT WARNING * * *
Unknown command.
You hit the adder.
The adder is almost dead.
You feel sick. The adder barely misses you.
You miss the adder.
The adder is severely wounded.
You feel sick. The adder closely misses you.
The adder bites you but does no damage.
You barely miss the adder.
The adder is severely wounded.
You feel sick. The adder bites you.
* * * LOW HITPOINT WARNING * * *
Unknown command.
Unknown command.
You closely miss the adder.
The adder is severely wounded.
You feel sick. The adder bites you.
* * * LOW HITPOINT WARNING * * *
The adder bites you.
* * * LOW HITPOINT WARNING * * *
Unknown command.
Unknown command.
Unknown command.
You hit the adder.
The adder is almost dead.
You feel sick. The adder barely misses you. x2
You miss the adder.
The adder is almost dead.
You feel sick. The adder barely misses you.
You closely miss the adder.
The adder is almost dead.
The adder bites you.
* * * LOW HITPOINT WARNING * * *
The adder bites you.
* * * LOW HITPOINT WARNING * * *
Unknown command.
Unknown command.
It was a potion of magic.
Magic courses through your body.
You die...

##.........# ###...
#...############...
#...# #...... #...#
#......
########...#
#......
...........#
#......
#########....#
#......
..........#.##
#......
###########@#
#...... #S# #######
#.# #.# ... .(. ...
.....


You could see an adder.

Vanquished Creatures
  2 adders
  An ooze (D:1)
  A worm (D:3)
  4 dart slugs
  A leopard gecko (D:1)
  A ball python (D:1)
  4 giant cockroaches
  5 goblins
  5 hobgoblins
  A quokka (D:2)
  8 bats
  4 frilled lizards
  4 kobolds
  2 rats (D:1)
43 creatures vanquished.

Vanquished Creatures (others)
  19 plants (D:1)
19 creatures vanquished.

Grand Total: 62 creatures vanquished

Notes
Turn   | Place    | Note
-------+----------+-------------------------------------------
     0 | D:1      | lunkers the Ogre Warper began the quest for the Orb.
     0 | D:1      | Reached XP level 1. HP: 22/22 MP: 3/3
   263 | D:1      | Reached skill level 3 in Fighting
   347 | D:1      | Reached XP level 2. HP: 29/31 MP: 5/5
   700 | D:1      | Reached XP level 3. HP: 30/37 MP: 6/6
  2061 | D:2      | Reached XP level 4. HP: 23/48 MP: 7/7
  2466 | D:3      | Reached skill level 4 in Fighting
  2730 | D:3      | HP: 1/48 [adder (4)]
  2731 | D:3      | Succumbed to an adder's poison

Illustrated notes

Levels and vault maps discovered:
D:1:      roderic_crop_circles_arrival_small, layout_basic
D:2:      layout_loops_ring
D:3:      layout_basic, nicolae_overflow_crystal_walls,
          lemuel_coloured_pillars_altar, minmay_unequal, uniq_ijyb, uniq_natasha

Skill      XL: |  1  2  3  4 |
---------------+-------------+-----
Fighting       | 3 4 |  4.0
Maces & Flails | 2 3 |  3.4
Throwing       | |  1.0
Dodging        | |  2.1
Spellcasting   | |  2.4
Translocations | |  2.6

Action                   |  1- 3 |  4- 6 || total
-------------------------+-------+-------++-------
Melee: Mace              |   119 |    41 ||   160
Throw: Boomerang         |     2 |       ||     2
       Stone             |    30 |     5 ||    35
  Use: Potion            |       |     1 ||     1
Armor: Robe              |    46 |     6 ||    52
Dodge: Dodged            |    67 |    19 ||    86

Table legend: (Time is in decaauts)
 A = Elapsed time spent in this place.
 B = Non-inter-level travel time spent in this place.
 C = Inter-level travel time spent in this place.
 D = Time resting spent in this place.
 E = Time spent auto-exploring this place.
 F = Levels seen in this place.
 G = Mean time per level.
                   A        B        C        D        E       F      G
               +--------+--------+--------+--------+--------+-----+--------+
         Total |   2773 |   2657 |    116 |      0 |   2174 |   3 |  924.3 |
       Dungeon |   2773 |   2657 |    116 |      0 |   2174 |   3 |  924.3 |
               +--------+--------+--------+--------+--------+-----+--------+

Top non-repeatable levels by time:
     D:1: 1292 daAuts
     D:2: 1131 daAuts
     D:3: 349 daAuts
